Unix NetHack Version 5.0.0-0 post-release - last build Jun 10 2026 00:39:30 (3ee93aec679c4c4259841fe613dc97188e26a321,branch:main).

Game began 2026-06-05 18:57:01, ended 2026-06-11 17:14:10.

Barrb, neutral female human Barbarian

                                                                       -------
                                                                       |<....|
                                                                       |.----|
                                                                       |*|`.$|
 -----.  |                                                           | |.|.|.|
 |....*|}-----------------------------@---------                ------}|.%.|.|
 |.-----}}}}}}|*******-.-)))))))|@@.@..........                 |}}}}}}|%---.|
 |..$.).......|*******|*|)))))))|@@gW@a.....|                   |}.....|%|..`|
 |.-----...`..|--------$--------|@@@'.@.....|-                  |}.....|.|.--
 |.....|.`....-^......^[.)^))`)DT@\s@@@d....-          -..u.{...#}..../|.|..`|
 -----.|...``.|--------(--------|T@.@O.....E|-                  |}.....-----.|
     |$|......|%%.....|[|[......|@@@H@@.....|                   |}........%..|
 |.---.|}}}}}}|%......-.%[......|@.............                 |}}}}}?-----.|
 |)...`|}-----------------------------P---------                ------}|`|...|
 |.----| |                                                           | |.|.---
 |.|`..| |                                                 ---       | |..`|.|
 |.---.| -------                                                ------ |.---.|
 |..^..|                                                               |.....|
  ---------------------------------------------- -----------    --------------
Barrb the Raider           St:25 Dx:8 Co:18 In:6 Wi:16 Ch:9  Neutral
Dlvl:27 $:211 HP:0(164) Pw:39(39) AC:-15 Xp:14 T:46471  Burdened Lev

Latest messages:
 The lieutenant hits!
 The lieutenant swings her broadsword.
 The lieutenant hits again!
 The soldier picks up a leather armor.
 It hits!
 You hear a mumbled curse.
 You feel a bit steadier now.
 The Olog-hai hits!
 The Olog-hai hits!
 The Olog-hai bites!
 The frost giant wields a short sword!
 It hits!
 The troll bashes with his vulgar polearm.
 The troll hits!
 The troll hits!
 The troll bites!
 The soldier hits!
 The lieutenant swings her broadsword.
 The lieutenant hits!
 The lieutenant swings her broadsword.
 The lieutenant hits again!
 The soldier misses!
 It hits!
 You hear a mumbled curse.
 What do you want to drink? [ouyEFW or ?*] E
 You feel much better.
 The Olog-hai hits!
 The Olog-hai misses!
 The Olog-hai bites!
 It hits!
 The troll bashes with his vulgar polearm.
 The troll misses!
 The troll hits!
 The troll misses!
 The soldier picks up a dagger.
 The lieutenant swings her broadsword.
 The lieutenant hits!
 The lieutenant swings her broadsword.
 The lieutenant hits again!
 The soldier misses!
 It hits!
 It knocks you back with a forceful strike!
 You bump into an Olog-hai.
 You hear a mumbled curse.
 What do you want to zap? [eg-iknrwxKZ or ?*] Z
 In what direction? .
 A mysterious force prevents you from teleporting!
 The Olog-hai hits!
 You die...
 Do you want your possessions identified? [ynq] (y) q

Inventory:
 Coins    ('$')
  $ - 211 gold pieces
 Amulets  ('"')
  a - an uncursed amulet of reflection (being worn)
 Weapons  (')')
  H - 75 +0 darts (at the ready)
  Y - the rustproof +1 Cleaver (weapon in hands)
 Armor    ('[')
  b - an uncursed greased +0 dwarvish iron helm (being worn)
  z - an uncursed rusty +0 pair of gauntlets of power (being worn)
  M - an uncursed thoroughly burnt very rotted +0 pair of speed boots (being worn)
  N - a blessed greased +2 leather cloak (being worn)
  s - a blessed +2 gray dragon scale mail (being worn)
 Comestibles  ('%')
  J - 4 uncursed food rations
  D - an uncursed sprig of wolfsbane
  m - 5 uncursed tripe rations
  T - an uncursed lizard corpse
 Scrolls  ('?')
  V - an uncursed scroll of food detection
  L - a blessed scroll of light
  v - 2 uncursed scrolls of light
  P - 3 uncursed scrolls of teleportation
 Potions  ('!')
  u - a blessed potion of booze
  F - an uncursed potion of booze
  W - an uncursed potion of object detection
  y - an uncursed potion of see invisible
  o - an uncursed potion of sleeping
 Rings    ('=')
  f - an uncursed ring of free action (on right hand)
  X - an uncursed ring of invisibility
  j - an uncursed ring of levitation (on left hand)
  Q - an uncursed ring of stealth
  t - an uncursed ring of teleport control
 Wands    ('/')
  r - a blessed wand of cancellation (0:4)
  x - a wand of cold (0:0)
  w - a wand of create monster (0:6)
  g - a wand of digging (0:5)
  h - a wand of magic missile (0:2)
  e - a wand of sleep (0:4)
  n - a wand of slow monster (0:4)
  k - a wand of striking (0:7)
  K - a wand of striking (0:0)
  Z - a wand of teleportation (0:1)
  i - a wand of wishing (0:0)
 Tools    ('(')
  B - a blessed bag of holding containing 81 items
  O - the Bell of Opening (0:3)
  S - an uncursed blindfold
  G - a can of grease (0:19)
  q - an uncursed lock pick
  p - an uncursed magic whistle
  C - an uncursed oil lamp (lit)
  l - a +0 pick-axe
 Gems/Stones  ('*')
  U - 7 uncursed worthless pieces of violet glass
  I - an uncursed flint stone
  R - the blessed Heart of Ahriman
  c - a cursed luckstone

Contents of the bag of holding:
  1314 gold pieces
  an uncursed amulet of magical breathing
  a cursed amulet of restful sleep
  22 poisoned +0 orcish arrows
  47 +1 darts
  a +0 axe
  a rustproof +0 battle-axe
  an uncursed fireproof +0 pair of leather gloves
  an uncursed +0 pair of leather gloves
  an uncursed +0 pair of iron shoes
  an uncursed +1 cloak of invisibility
  an uncursed +0 elven cloak
  9 uncursed food rations
  an uncursed food ration
  7 uncursed tripe rations
  4 uncursed scrolls of enchant weapon
  5 uncursed scrolls of remove curse
  a blessed scroll of remove curse
  2 blessed scrolls of blank paper
  5 uncursed scrolls of blank paper
  2 uncursed scrolls of create monster
  a cursed scroll of create monster
  4 uncursed scrolls of earth
  an uncursed scroll of fire
  an uncursed scroll of gold detection
  an uncursed scroll of light
  an uncursed scroll of magic mapping
  2 uncursed potions of water
  2 uncursed potions of restore ability
  2 uncursed potions of blindness
  an uncursed potion of booze
  2 uncursed potions of hallucination
  an uncursed potion of healing
  2 uncursed potions of invisibility
  2 uncursed potions of object detection
  an uncursed potion of paralysis
  an uncursed potion of sleeping
  a cursed potion of sleeping
  2 uncursed potions of speed
  a blessed +2 ring of gain constitution
  a blessed +1 ring of increase damage
  an uncursed ring of searching
  an uncursed ring of shock resistance
  a wand of cold (0:2)
  a wand of create monster (0:12)
  a wand of create monster (0:0)
  a wand of create monster (0:12)
  a wand of digging (0:2)
  a wand of digging (0:1)
  a wand of digging (0:7)
  a wand of fire (0:1)
  a wand of lightning (0:5)
  a wand of lightning (0:3)
  a wand of lightning (0:4)
  a wand of magic missile (0:6)
  a wand of magic missile (0:6)
  a wand of magic missile (0:3)
  a wand of make invisible (0:6)
  a wand of polymorph (0:6)
  a wand of polymorph (0:0)
  a wand of sleep (0:6)
  a wand of sleep (0:8)
  a wand of sleep (0:8)
  a blessed wand of sleep (0:6)
  a wand of sleep (0:5)
  a wand of sleep (0:3)
  a wand of slow monster (0:4)
  a wand of speed monster (0:5)
  a wand of speed monster (0:3)
  a wand of speed monster (0:6)
  a wand of speed monster (0:5)
  a wand of striking (0:5)
  a wand of teleportation (0:2)
  a wand of teleportation (0:5)
  a wand of teleportation (0:4)
  a wand of teleportation (0:7)
  a blessed oil lamp
  a +0 unicorn horn
  a +0 unicorn horn
  an uncursed jet stone
  5 uncursed worthless pieces of orange glass

Barrb the Barbarian's attributes:

Background:
 You were a Raider, a level 14 female human Barbarian.
 You were neutral, on a mission for Crom
 who was opposed by Mitra (lawful) and Set (chaotic).
 You were right-handed.
 You were in the Dungeons of Doom, on level 27.
 You entered the dungeon 46471 turns ago.
 You had 97554 experience points, 62446 more were needed to attain level 15.

Basics:
 You had 0 out of 164 hit points.
 You had all 39 energy points (spell power).
 Your armor class was -15.
 Your wallet contained 211 zorkmids, and
 you had 1314 more stashed away in your pack.
 Autopickup was off.

Final Characteristics:
 Your strength was 25 (base:18/28, innate limit:18/100).
 Your dexterity was 8 (peak:17, limit:18).
 Your constitution was 18 (limit:18).
 Your intelligence was 6 (peak:8, limit:18).
 Your wisdom was 16 (limit:18).
 Your charisma was 9 (limit:18).

Final Status:
 You were levitating.
 You weren't hungry.
 You were burdened; movement was slightly slowed.
 You were wielding an axe.
 You had basic skill with axe and could have enhanced that.

Final Attributes:
 You were piously aligned.
 You were magic-protected.
 You were fire resistant.
 You were cold resistant.
 You were sleep resistant.
 You were poison resistant.
 You were telepathic.
 You were stealthy.
 You had a moderate defense bonus (+9).
 You were warded.
 You were very fast.
 You had reflection.
 You had free action.
 You were very lucky.
 You had extra luck.
 Bad luck did not time out for you.
 Good luck did not time out for you.
 You are dead.

Miscellaneous:
 You didn't encounter any bones levels.
 Total elapsed playing time was 15 hours, 49 minutes and 52 seconds.

Major events:
 Turn
    1: Barrb the neutral female human Barbarian entered the dungeon
  533: entered the Gnomish Mines
 1103: attained the rank of Pillager (level 3)
 2712: attained the rank of Bandit (level 6)
 2926: reached Mine Town
 3650: was bestowed with Cleaver by Crom
 7881: acquired the Mines' End luckstone
 8936: performed her first genocide (class L)
12147: entered Sokoban
12414: completed 1st Sokoban level
13157: completed 2nd Sokoban level
13403: completed 3rd Sokoban level
14195: completed 4th Sokoban level
14312: attained the rank of Brigand (level 10)
15103: acquired the Sokoban bag of holding
17792: entered Home 1, the Quest
31393: attained the rank of Raider (level 14)
35022: Pelias has granted access to proceed deeper into the quest
35030: entered Home 2, the Quest
35493: entered Home 3, the Quest
37228: entered Home 4, the Quest
37488: entered Home 6, the Quest
37637: entered Home 5, the Quest
38408: found the Heart of Ahriman on the floor
38412: killed Thoth Amon
38414: acquired the Bell of Opening
39633: killed Medusa
44415: entered Gehennom
45503: made her first wish - "blessed +2 gray dragon scale mail", got "a gray dragon scale mail"
46471: killed by an Olog-hai

You didn't know any spells.

Skills:
 Fighting Skills
   bare handed combat [Basic]
   two weapon combat  [Unskilled]
   riding             [Unskilled]
 Weapon Skills
   dagger             [Unskilled]
   axe                [Basic]
   pick-axe           [Unskilled]
   short sword        [Unskilled]
   broadsword         [Unskilled]
   long sword         [Unskilled]
   two-handed sword   [Basic]
   saber              [Unskilled]
   club               [Unskilled]
   mace               [Unskilled]
   morning star       [Unskilled]
   flail              [Unskilled]
   hammer             [Unskilled]
   quarterstaff       [Unskilled]
   spear              [Unskilled]
   trident            [Unskilled]
   bow                [Unskilled]
 Spellcasting Skills
   attack spells      [Unskilled]
   escape spells      [Unskilled]

Voluntary challenges:
 Character rerolling was not enabled.
 You genocided 4 types of monsters.
 You never changed form.
 You used 1 wish.
 You did not wish for any artifacts.
 You violated the special Sokoban rules once.
Achievements:
 You entered the Gnomish Mines.
 You entered a shop.
 You attained the rank of Pillager.
 You attained the rank of Bandit.
 You entered Minetown.
 You entered a temple.
 You completed the Gnomish Mines.
 You entered Sokoban.
 You attained the rank of Brigand.
 You completed Sokoban.
 You attained the rank of Raider.
 You had the Bell of Opening.
 You defeated Medusa.
 You entered Gehennom.

 The Dungeons of Doom: levels 1 to 27
    Level 1:
       Some sinks.
    Level 2:
       A fountain.
       Stairs down to The Gnomish Mines.
    Level 3:
       A general store, some fountains.
    Level 4:
       A fountain.
    Level 5:
       An altar to Crom, many fountains, a sink.
    Level 6:
    Level 7:
       A general store.
       Stairs up to Sokoban, level 6.
    Level 8:
       A sink.
    Level 9:
       A temple and an altar, some fountains, a sink.
    Level 10:
       An altar, a throne, a fountain.
    Level 11:
    Level 12:
       An altar to Crom.
       Summoned by Pelias.
       Portal to The Quest.
    Level 13:
       Many graves.
    Level 14:
       A temple and an altar, a fountain.
    Level 15:
       A primitive area.
    Level 16:
       A throne.
    Level 17:
    Level 18:
       A fountain.
    Level 19:
       A fountain.
    Level 20:
       A fountain, many graves.
    Level 21:
    Level 22:
       A temple and an altar to Crom, a fountain, a grave.
       Portal to Fort Ludios.
    Level 23:
       A fountain, many trees.
    Level 24:
    Level 25:
    Level 26:
    Level 27: <- You were here.
       A throne, a fountain.
       The castle.
       Connection to Gehennom.
       Final resting place for
          you, killed by an Olog-hai.
 Gehennom:
    Level 28:
 The Gnomish Mines: levels 3 to 11
    Level 3:
    Level 4:
    Level 5:
       Many shops, a temple and an altar to Crom, some fountains.
    Level 6:
    Level 7:
    Level 8:
    Level 9:
    Level 10:
    Level 11:
       A fountain.
 The Quest: levels 1 to 6
    Level 1:
       A throne, many trees.
       Given quest by Pelias.
    Level 2:
    Level 3:
    Level 4:
    Level 5:
    Level 6:
       An altar.
 Sokoban: levels 6 up to 3
    Level 3:
       Solved.
    Level 4:
       Solved.
    Level 5:
       Solved.
    Level 6:
       Solved.
 Fort Ludios:
    Level 1:


Vanquished creatures:
    Medusa
  a glass golem
    Thoth Amon
  a gray dragon
  a gold dragon
  3 red dragons
  a white dragon
  2 black dragons
  a blue dragon
  2 minotaurs
  2 jabberwocks
  a baluchitherium
  5 Olog-hai
  a displacer beast
  3 titanotheres
  2 vampire leaders
  2 captains
  2 nurses
  2 lurkers above
 an Aleax
  4 frost giants
 an ettin
  a golden naga
  8 vampires
  7 lieutenants
 12 ghosts
  3 queen bees
  3 giant mimics
  a long worm
  2 zruties
  2 fire giants
  6 ogre tyrants
 11 ice trolls
 50 rock trolls
 an umber hulk
  2 flesh golems
 an elven monarch
  2 doppelgangers
  3 large mimics
  2 wumpuses
  5 couatls
  4 stalkers
  2 air elementals
  2 fire elementals
 an earth elemental
  a water elemental
  5 hill giants
  4 giant mummies
  2 black nagas
  5 xorns
  5 giant zombies
  6 elf-nobles
 13 sergeants
  6 wargs
  a winter wolf
  4 small mimics
  3 glass piercers
  5 xans
  7 ettin mummies
 10 ogre leaders
  3 quantum mechanics
 38 trolls
  a sasquatch
  2 wood golems
  3 sharks
  a gelatinous cube
  6 pyrolisks
  7 freezing spheres
  4 flaming spheres
  4 shocking spheres
  3 large cats
  7 tigers
  4 gargoyles
  3 dwarf rulers
  4 tengu
  3 ochre jellies
  3 leocrottas
  3 mountain centaurs
  7 stone giants
 an elf mummy
  2 human mummies
  2 red nagas
  5 pythons
  a pit viper
  4 cobras
 17 wraiths
  a carnivorous ape
  7 ettin zombies
  2 leather golems
  5 Grey-elves
 83 soldiers
  5 amorous demons
  4 chameleons
  2 crocodiles
  9 giant beetles
  4 quivering blobs
 10 cockatrices
 12 wolves
 11 winter wolf cubs
  2 lynxes
  a panther
  7 gremlins
  a spotted jelly
 43 leprechauns
  3 orc-captains
  2 iron piercers
  2 mumakil
 11 giant spiders
  6 scorpions
  3 horses
  4 ice vortices
  3 black lights
  2 vampire bats
  3 forest centaurs
  5 gnome rulers
  5 orc mummies
  7 dwarf mummies
164 ogres
  4 brown puddings
  5 rust monsters
  6 owlbears
  7 yetis
  a gold golem
 11 Green-elves
  4 giant eels
  9 lizards
  a chickatrice
  5 dingoes
  3 dogs
  a housecat
  8 jaguars
  2 dwarf leaders
  3 white unicorns
  a black unicorn
  3 dust vortices
 28 ravens
  6 plains centaurs
  3 gnome mummies
  5 snakes
  5 apes
 16 human zombies
  4 rope golems
 11 Woodland-elves
 14 soldier ants
 10 fire ants
 22 bugbears
  3 imps
  4 quasits
  3 wood nymphs
  7 water nymphs
  5 mountain nymphs
  9 Mordor orcs
 23 Uruk-hai
  6 orc shamans
  2 rock piercers
  5 rock moles
  4 ponies
  3 fog clouds
  6 yellow lights
  a shrieker
  6 violet fungi
 27 gnome leaders
 10 gnomish wizards
  3 kobold mummies
  7 gray oozes
  3 barrow wights
 12 elf zombies
  6 ghouls
  3 straw golems
  4 paper golems
 10 giant ants
  a little dog
 10 floating eyes
  2 kittens
 25 dwarves
  4 homunculi
  2 kobold leaders
  6 kobold shamans
 38 hill orcs
 24 rothes
  3 rabid rats
  3 centipedes
  a giant bat
  3 monkeys
  8 orc zombies
  9 dwarf zombies
  5 wererats
  7 iguanas
 35 killer bees
  2 acid blobs
  2 coyotes
  3 gas spores
  8 hobbits
 17 manes
  3 large kobolds
 27 hobgoblins
  8 giant rats
 14 cave spiders
  2 brown molds
  4 yellow molds
  3 green molds
  3 red molds
 61 gnomes
  2 garter snakes
  9 gnome zombies
 16 geckos
 10 jackals
  3 foxes
  5 kobolds
  5 goblins
  a sewer rat
  8 grid bugs
  9 lichens
  9 kobold zombies
 11 newts
1616 creatures vanquished.

Genocided or extinct species:
 arch-liches
 master liches
 demiliches
 liches
 ogres (extinct)
4 species genocided.
1 species extinct.

Game over:
                       ----------
                      /          \
                     /    REST    \
                    /      IN      \
                   /     PEACE      \
                  /                  \
                  |      Barrb       |
                  |     1525 Au      |
                  |   killed by an   |
                  |     Olog-hai     |
                  |                  |
                  |                  |
                  |       2026       |
                 *|     *  *  *      | *
        _________)/\\_//(\/(/\)/\//\/|_)_______

Goodbye Barrb the Barbarian...

You died in The Dungeons of Doom on dungeon level 27 with 472371 points,
and 1525 pieces of gold, after 46471 moves.
You were level 14 with a maximum of 164 hit points when you died.

